 Dungeon Crawl Stone Soup version 0.22-a0-430-g6609fc6 (webtiles) character file.

132 Gorglomux the Ducker (level 4, -4/21 (25) HPs)
             Began as a Spriggan Berserker on May 27, 2018.
             Was an Initiate of Okawaru.
             Killed from afar by Sigmund (10 damage)
             ... with a magic dart
             ... on level 6 of the Dungeon.
             The game lasted 00:04:20 (2303 turns).

Gorglomux the Ducker (Spriggan Berserker)           Turns: 2303, Time: 00:04:20

HP:   -4/21 (25)    AC:  2    Str: 13    XL:     4   Next: 92%
MP:   5/5           EV: 20    Int:  8    God:    Okawaru [......]
Gold: 148           SH:  0    Dex: 16    Spells: 3/3 levels left

rFire    . . .     SeeInvis +   a - +0 short sword
rCold    . . .     Gourm    .   (shield restricted)
rNeg     . . .     Faith    .   b - +0 animal skin
rPois    .         Spirit   .   (helmet restricted)
rElec    .         Reflect  .   (no cloak)
rCorr    .         Harm     .   (gloves unavailable)
MR       .....                  (boots unavailable)
Stlth    +++.......             (no amulet)
HPRegen  0.07/turn              (no ring)
MPRegen  0.09/turn              (no ring)

@: very quick
A: very small, unfitting armour, see invisible, herbivore, speed 3, slow
metabolism 2
a: Renounce Religion


You were on level 6 of the Dungeon.
You worshipped Okawaru.
Okawaru was noncommittal.
You were not hungry.

You visited 1 branch of the dungeon, and saw 6 of its levels.

You collected 148 gold pieces.

Inventory:

Hand Weapons
 a - a +0 short sword (weapon)
Armour
 b - a +0 animal skin (worn)
Scrolls
 g - a scroll of enchant weapon {unknown}
 h - a scroll of remove curse {unknown}
 i - a scroll of fear {unknown}
 k - a scroll of blinking {unknown}
 l - a scroll of random uselessness {unknown}
 m - a scroll of amnesia {unknown}
 n - 2 scrolls of teleportation {unknown}
 p - a scroll of identify {unknown}
Potions
 d - a potion of might {unknown}
 e - a potion of resistance {unknown}
 f - a potion of lignification {unknown}
 j - a potion of brilliance {unknown}
 o - a potion of curing {unknown}
 q - a potion of ambrosia {unknown}
Comestibles
 c - 4 rations


   Skills:
 + Level 4.0 Fighting
 - Level 3.2 Short Blades
 - Level 4.4 Dodging
 - Level 4.3 Stealth


You had 3 spell levels left.
You didn't know any spells.
Your spell library was empty.

Dungeon Overview and Level Annotations

Branches:
Dungeon (6/15)
 Temple: D:4-7

Altars:
Ashenzari
Cheibriados
Okawaru

Shops:
D:5 [

Annotations:
D:3 Gorglomux's ghost, amateur SpBe
D:5 Ijyb
D:6 Sigmund


Innate Abilities, Weirdness & Mutations

You are very small and have problems with some larger weapons.
You are too small for most types of armour.
You have supernaturally acute eyesight. (SInv)
You are a herbivore.
You cover ground extremely quickly.
You need to consume almost no food.


Message History

You annihilate the worm!!!
Okawaru roars: ANNIHILATED!
No target in view!!!
You see here a worm butt!
A howler monkey comes into view!
The howler monkey howls!!!
You perforate the howler monkey but do no damage!
The howler monkey barely misses you!
The howler monkey hoots and howls with incredible vigour!!!
You hear a shout!!! x2; Butt hear a shout!!!
You spit the howler monkey butt do no damage!
The howler monkey hits you!
You stick the howler monkey like a pincushion!
The howler monkey is lightly wounded!
The howler monkey hits you! * * * don't die
* * * Sigmund the Dreaded comes into view!
He is wielding a scythe of flaming!
Sigmund points at you and mumbles some strange words!
The magic dart hits butt!!! rip

....#..........
............... ...$.
......$........ ....
#.......... ...
.#####.#...### .. ...# #h#
....## #. #..##.###.@...
#.######..#.....#.# .
#...........@#### . ...
.####..w#####....<.######....
........## ##.###...........
.........#####.....##........
...........#....#########....
.........#........# ..
#..#####...######....> #..
#...# ##### #. #...#


You could see Sigmund and a howler monkey.

Vanquished Creatures
  A hound (D:5)
  An orc priest (D:5)
  A worker ant (D:4)
  2 adders
  2 worms
  2 leopard geckos
  An orc (D:3)
  2 giant cockroaches
  2 goblins
  2 hobgoblins (D:1)
  3 kobolds
  A quokka (D:5)
  A ball python (D:1)
  2 bats (D:1)
  2 frilled lizards
  4 rats
29 creatures vanquished.

Notes
Turn   | Place    | Note
-------+----------+-------------------------------------------
     0 | D:1      | Gorglomux the Spriggan Berserker began the quest for the Orb.
     0 | D:1      | Reached XP level 1. HP: 11/11 MP: 2/2
     0 | D:1      | Fell from the grace of Trog
   118 | D:1      | Reached skill level 1 in Stealth
   282 | D:1      | Reached XP level 2. HP: 10/16 MP: 3/3
   460 | D:1      | Reached skill level 3 in Stealth
   710 | D:4      | Found an iron altar of Okawaru.
   717 | D:4      | Became a worshipper of Warmaster Okawaru
   730 | D:4      | Reached XP level 3. HP: 16/19 MP: 4/4
   741 | D:3      | Noticed Gorglomux's ghost (amateur SpBe)
   782 | D:5      | Entered Level 5 of the Dungeon
   802 | D:5      | Noticed Ijyb
   907 | D:5      | Found Zuras's Armour Boutique.
   911 | D:5      | Reached skill level 3 in Fighting
  1154 | D:5      | Found a shattered altar of Ashenzari.
  1244 | D:5      | Reached XP level 4. HP: 13/24 MP: 5/5
  1586 | D:4      | Found a snail-covered altar of Cheibriados.
  2298 | D:6      | Noticed Sigmund
  2303 | D:6      | Killed from afar by Sigmund

Vault maps used:
D:1:      roderic_chinese_lattice_arrival
D:2:      cheibrodos_old_hovel, lemuel_round_altar, minmay_circled_x
D:3:      first_ration, st_stairs_12
D:4:      kennysheep_mini, columned_hall_lemuel, okawaru_trees_2
D:5:      ashenzari_altar_1, nicolae_overflow_hidden_temple,
          minmay_shop_grid_forest, uniq_ijyb
D:6:      elyvilon_altar_4, minmay_temple_entry_nine_rooms, uniq_sigmund

Skill      XL: |  1  2  3  4 |
---------------+-------------+-----
Stealth        | 2 4 |  4.3
Fighting       | 3 4 |  4.0
Short Blades   | |  3.2
Dodging        | |  4.4

Action                   |  1- 3 |  4- 6 || total
-------------------------+-------+-------++-------
Melee: Short sword       |    80 |    49 ||   129
Invok: Renounce Religion |     1 |       ||     1
 Stab: Sleeping          |     6 |     3 ||     9
Armor: Animal skin       |     6 |       ||     6
Dodge: Dodged            |    70 |    20 ||    90

Table legend:
 A = Spawn XP
 B = Non-spawn XP
 C = Spawn XP percentage of total XP
 D = Spawn monster count
 E = Non-spawn monster count
 F = Spawn count percentage of total count
 G = Total turns spent on level
                    A         B        C        D         E        F      G
               +---------+---------+-------+---------+---------+-------+---------
         Total |       0 |     189 |   0.0 |       0 |      29 |   0.0 |  2303
               +---------+---------+-------+---------+---------+-------+---------
           D:1 |       0 |      15 |   0.0 |       0 |      10 |   0.0 |   520
           D:2 |       0 |       7 |   0.0 |       0 |       4 |   0.0 |   120
           D:3 |       0 |      19 |   0.0 |       0 |       4 |   0.0 |    74
           D:4 |       0 |      52 |   0.0 |       0 |       6 |   0.0 |   640
           D:5 |       0 |      91 |   0.0 |       0 |       4 |   0.0 |   851
           D:6 |       0 |       5 |   0.0 |       0 |       1 |   0.0 |    98
               +---------+---------+-------+---------+---------+-------+---------
